 Dungeon Crawl Stone Soup version 0.29.1-15-g9cfb28693d (webtiles) character file.

Game seed: 17191143140488871277

551 Erymatos the Chopper (level 7, -1/91 HPs)
             Began as a Minotaur Berserker on May 2, 2023.
             Was a Believer of Trog.
             Slain by a gnoll
             ... wielding a +0 spear
              (4 damage)
             ... on level 4 of the Dungeon.
             The game lasted 00:04:00 (3683 turns).

Erymatos the Chopper (Minotaur Berserker)           Turns: 3683, Time: 00:04:00

Health: -1/91      AC: 10    Str: 24    XL:     7   Next: 7%
Magic:  6/6        EV:  9    Int:  4    God:    Trog [**....]
Gold:   216        SH:  0    Dex:  9    Spells: 6/6 levels left

rFire   . . .      SeeInvis .   a - +0 hand axe
rCold   . . .      Faith    .   (no shield)
rNeg    . . .      Spirit   .   r - +0 chain mail
rPois   .          Reflect  .   (helmet restricted)
rElec   .          Harm     .   o - +0 cloak
rCorr   .          Rampage  .   (no gloves)
Will    .....                   (no boots)
Stlth   ..........              (no amulet)
HPRegen 0.25/turn               h - ring of flight
MPRegen 0.10/turn               (no ring)

@: berserking, flying, very quick
A: horns 2, retaliatory headbutt
a: Renounce Religion, Berserk, Trog's Hand


You were on level 4 of the Dungeon.
You worshipped Trog.
Trog was pleased with you.
You visited 1 branch of the dungeon, and saw 4 of its levels.

You collected 216 gold pieces.

Inventory:

Hand Weapons
 a - a +0 hand axe (weapon)
Armour
 b - a +0 animal skin
 o - a +0 cloak (worn)
 r - a +0 chain mail (worn)
Jewellery
 h - a ring of flight (left hand)
 k - an amulet of magic regeneration
Scrolls
 c - a scroll of immolation {unknown}
 e - 2 scrolls of identify {unknown}
 i - 2 scrolls of blinking {unknown}
 j - a scroll of noise {unknown}
 l - a scroll of vulnerability {unknown}
 m - a scroll of summoning {unknown}
 p - 3 scrolls of teleportation {unknown}
 q - a scroll of enchant weapon {unknown}
Potions
 d - a potion of curing {unknown}
 f - a potion of brilliance {unknown}
 g - a potion of heal wounds {unknown}
 n - a potion of mutation {unknown}


   Skills:
 + Level 5.5 Fighting
 + Level 7.5 Axes
 + Level 2.9 Armour
 + Level 4.3 Dodging
 - Level 0.1 Stealth


You had 6 spell levels left.
You didn't know any spells.
Your spell library was empty.

Dungeon Overview and Level Annotations

Branches:
Dungeon (4/15)
 Temple: D:4-7

Altars:
Ashenzari

Annotations:
D:4 Eustachio


Innate Abilities, Weirdness & Mutations

You have a pair of horns on your head.
You reflexively headbutt those who attack you in melee.


Message History

The gnoll is heavily wounded.
The gnoll hits you with a +1 whip of distortion.
You blink.
A gnoll comes into view. It is wielding a +0 club.
Unknown command.
The gnoll shouts!
You hear a shout! x2
The gnoll hits you with a +1 whip of distortion!
Space warps horribly around you!!
* * * LOW HITPOINT WARNING * * *
You are too injured to fight recklessly!
Unknown command.
A red film seems to cover your vision as you go berserk!
You feel yourself moving faster!
You feel mighty!
The gnoll hits you with a +1 whip of distortion.
* * * LOW HITPOINT WARNING * * *
Space warps horribly around you!!
* * * LOW HITPOINT WARNING * * *
The gnoll hits you from afar with a +0 spear.
* * * LOW HITPOINT WARNING * * *
You barely miss the gnoll.
The gnoll is heavily wounded.
The gnoll completely misses you. The gnoll hits you but does no damage.
Unknown command.
You closely miss the gnoll. You headbutt the gnoll.
You feel the power of Trog in you as your rage grows.
You kill the gnoll!
Trog accepts your kill.
You completely miss the gnoll.
Eustachio the Magnificent comes into view.
He is wielding a +0 rapier.
The gnoll hits you but does no damage. x2
Unknown command.
Unknown command.
You barely miss the gnoll. You headbutt the gnoll!
The gnoll is severely wounded.
Unknown command.
You closely miss the gnoll. Your headbutt misses the gnoll.
The gnoll is severely wounded.
The gnoll hits you but does no damage.
The gnoll hits you from afar with a +0 spear.
You die...

.#.##.##### ..#
.#..#.#...# ###..#
#..<..#...####....#
.)##..#........##.#
##......).####....#
##.....รท..# #....#
##....#...####....#
......#...#....)..#
.............#..@.#
##...........#..g.#
#................g#
..#####....#.####..
...#. .... . .....
.@.... ........


You could see Eustachio and 2 gnolls.

Vanquished Creatures
  Sigmund (D:2)
  An ogre (D:4)
  A phantom (D:3)
  A necrophage (D:4)
  5 gnolls
  5 adders
  A dart slug (D:3)
  3 orcs
  8 ball pythons
  4 endoplasms
  3 giant cockroaches
  7 goblins
  8 hobgoblins
  10 jackals
  A quokka (D:2)
  8 bats
  3 frilled lizards
  4 kobolds
  2 rats (D:1)
76 creatures vanquished.

Vanquished Creatures (others)
  2 plants (D:3)
2 creatures vanquished.

Grand Total: 78 creatures vanquished

Notes
Turn   | Place    | Note
-------+----------+-------------------------------------------
     0 | D:1      | Erymatos the Minotaur Berserker began the quest for the
                  | Orb.
     0 | D:1      | Reached XP level 1. HP: 19/19 MP: 0/0
   496 | D:1      | Reached XP level 2. HP: 27/27 MP: 1/1
   670 | D:1      | Reached skill level 4 in Axes
   997 | D:2      | Noticed Sigmund
  1004 | D:2      | Reached XP level 3. HP: 33/33 MP: 2/2
  1014 | D:2      | Killed Sigmund
  1015 | D:2      | Reached skill level 5 in Axes
  1015 | D:2      | Reached XP level 4. HP: 27/41 MP: 3/3
  1015 | D:2      | Reached XP level 5. HP: 31/47 MP: 4/4
  1540 | D:2      | Reached skill level 6 in Axes
  1942 | D:3      | Reached ** piety under Trog
  2045 | D:3      | Found a broken altar of Ashenzari.
  2126 | D:3      | Noticed a phantom
  2139 | D:3      | Killed a phantom
  2140 | D:3      | Reached skill level 5 in Fighting
  2140 | D:3      | Reached XP level 6. HP: 54/56 MP: 5/5
  3347 | D:4      | Reached skill level 7 in Axes
  3423 | D:4      | Reached XP level 7. HP: 16/61 MP: 6/6
  3666 | D:4      | Identified the +4 leather armour of Fusu {+Blink rPois
                  | Int+4 Dex+2}
  3679 | D:4      | HP: 3/91 [gnoll/+0 spear (2)]
  3681 | D:4      | Noticed Eustachio
  3683 | D:4      | Slain by a gnoll

Illustrated notes

Levels and vault maps discovered:
D:1:      nicolae_arrival_somewhat_less_tricky_arrival, layout_basic
D:2:      layout_basic, uniq_sigmund
D:3:      cheibrodos_old_hovel, layout_basic, mainiacjoe_overflow_alcove_1,
          minmay_vboxes
D:4:      layout_rooms, uniq_eustachio

Skill      XL: |  1  2  3  4  5  6 |
---------------+-------------------+-----
Axes           | 4 5 6 7 |  7.5
Fighting       | 4 5 |  5.5
Dodging        | 3 4 |  4.3
Armour         | |  2.9
Stealth        | |  0.1

Action                   |  1- 3 |  4- 6 |  7- 9 || total
-------------------------+-------+-------+-------++-------
Melee: Hand axe          |    43 |   112 |     8 ||   163
       Headbutt          |     3 |    15 |     3 ||    21
       Punch             |     1 |     2 |       ||     3
Invok: Berserk           |     1 |     3 |     1 ||     5
 Stab: Sleeping          |     1 |     1 |       ||     2
Armor: Animal skin       |     9 |    13 |       ||    22
       Chain mail        |       |    10 |     4 ||    14
Dodge: Dodged            |    39 |    72 |     2 ||   113
